 Dungeon Crawl Stone Soup version 0.24.0-1-gfbc8707 (webtiles) character file.

Game seed: 14208096416234711211, levelgen mode: deterministic

203 Faca the Chopper (level 5, -3/50 HPs)
             Began as a Hill Orc Chaos Knight on Oct 29, 2019.
             Was a Plaything of Xom.
             Slain by an ogre
             ... wielding a +0 giant club
              (17 damage)
             ... on level 3 of the Dungeon.
             The game lasted 00:06:57 (2480 turns).

Faca the Chopper (Hill Orc Chaos Knight)            Turns: 2480, Time: 00:06:58

Health: -3/50      AC:  9    Str: 20    XL:     5   Next: 81%
Magic:  5/5        EV:  7    Int: 12    God:    Xom [*.....]
Gold:   131        SH:  0    Dex: 10    Spells: 4/4 levels left

rFire    . . .     SeeInvis .   a - +0 hand axe (chaos)
rCold    + . .     Gourm    .   (no shield)
rNeg     . . .     Faith    .   p - +0 chain mail
rPois    .         Spirit   .   i - +0 helmet
rElec    .         Reflect  .   (no cloak)
rCorr    .         Harm     .   (no gloves)
MR       .....                  (no boots)
Stlth    ..........             (no amulet)
HPRegen  0.16/turn              j - ring of protection from cold
MPRegen  0.09/turn              b - +4 ring of strength

@: confused
A: no striking features
a: Renounce Religion


You were on level 3 of the Dungeon.
You worshipped Xom.
You were a special plaything of Xom.
You were not hungry.

You visited 1 branch of the dungeon, and saw 3 of its levels.

You collected 131 gold pieces.

Inventory:

Hand Weapons
 a - a +0 hand axe of chaos (weapon)
Armour
 i - a +0 helmet (worn)
 p - a +0 chain mail (worn)
Jewellery
 b - a +4 ring of strength (right hand)
 j - a ring of protection from cold (left hand)
Scrolls
 e - 2 scrolls of teleportation
 k - a scroll of blinking
 m - a scroll of enchant armour {unknown}
 n - a scroll of identify {unknown}
 o - a scroll of remove curse
Potions
 f - a potion of might {unknown}
 g - a potion of lignification {unknown}
 h - a potion of resistance
 l - a potion of magic {unknown}
Comestibles
 c - 4 rations


   Skills:
 + Level 5.9 Fighting
 + Level 6.5 Axes
 - Level 2.1 Armour
 - Level 0.7 Dodging


You had 4 spell levels left.
You didn't know any spells.
Your spell library was empty.

Dungeon Overview and Level Annotations

Branches:
Dungeon (3/15)

Altars:


Message History

The ogre is too close now for your liking.
An ogre is nearby!
You hit the ogre.
The ogre is lightly wounded.
The ogre hits you with a +0 giant club!!
You hit the ogre. You freeze the ogre.
The ogre is moderately wounded.
Xom titters.
You are confused.
The ogre hits you with a +0 giant club!
* * * LOW HITPOINT WARNING * * *
The ogre hits you with a +0 giant club.
* * * LOW HITPOINT WARNING * * *
You bump into the rock wall.
You hit the ogre. You freeze the ogre.
The ogre is heavily wounded.
The ogre closely misses you.
You bump into the rock wall.
The ogre hits you with a +0 giant club!
You die...
Xom bursts into laughter!

# #.#####...<.#
.. # #.#
##.##..# ... #
#.# #..#
#....###... #
#.#
#..######..#....
###.#
##......##......
.##.# ###
#......... ..#.#
##........ #...#
##O###.... #..##
##(@# .. #...###
##..## #.#...#
#..## #.###>#
#.## #.# #.# #.#
#.# #.##### #.#
#.# #.....###.#
..# #####..##.#
#.## ##.##.##


You could see an ogre.

Vanquished Creatures
  A bullfrog zombie (D:3)
  9 adders
  3 worms
  A dart slug (D:3)
  5 leopard geckos
  6 orcs (D:3)
  3 giant cockroaches (D:1)
  6 goblins
  3 hobgoblins
  5 kobolds
  2 quokkas
  3 ball pythons
  6 bats
  7 frilled lizards
  15 rats
75 creatures vanquished.

Vanquished Creatures (others)
  A worm (D:2)
1 creature vanquished.

Grand Total: 76 creatures vanquished

Notes
Turn   | Place    | Note
-------+----------+-------------------------------------------
     0 | D:1      | Faca the Hill Orc Chaos Knight began the quest for the Orb.
     0 | D:1      | Reached XP level 1. HP: 19/19 MP: 1/1
   112 | D:1      | XOM: divination: magic mapping
   204 | D:1      | XOM: harmless Air miscast
   215 | D:1      | Reached XP level 2. HP: 27/27 MP: 2/2
   352 | D:1      | XOM is BORED!
   352 | D:1      | XOM: give mutations
   352 | D:1      | Gained mutation: You are partially covered in yellow
                  | scales. (AC +2) [Xom's mischief]
   352 | D:1      | Lost mutation: You are partially covered in yellow scales.
                  | (AC +2) [Xom's mischief]
   565 | D:1      | XOM: god gift: 2 scrolls labeled YCADEW HI GEWN {god gift}
   621 | D:2      | Reached XP level 3. HP: 33/34 MP: 3/3
   635 | D:2      | HP: 1/34 [adder (3)]
   652 | D:2      | Reached skill level 5 in Axes
   985 | D:2      | XOM: silly message
   990 | D:2      | Reached XP level 4. HP: 41/41 MP: 4/4
  1083 | D:2      | Reached skill level 5 in Fighting
  1132 | D:2      | XOM: cloud trail
  1194 | D:2      | XOM: harmless Tmut miscast
  1219 | D:2      | XOM: medium Necr miscast
  1219 | D:2      | XOM: smoke on damage
  1371 | D:2      | XOM: noise
  1512 | D:2      | XOM: harmless Air miscast
  1513 | D:2      | Reached XP level 5. HP: 47/48 MP: 5/5
  1660 | D:3      | XOM: harmless Fire miscast
  1668 | D:3      | Reached skill level 6 in Axes
  1781 | D:3      | XOM: harmless Hex miscast
  2034 | D:3      | XOM: harmless Pois miscast
  2376 | D:3      | XOM: medium Fire miscast
  2467 | D:3      | Noticed an ogre
  2475 | D:3      | XOM: confusion
  2480 | D:3      | Slain by an ogre

Levels and vault maps discovered:
D:1:      evilmike_arrival_plus, layout_basic, minmay_shallow_snake_nest
D:2:      layout_basic, hangedman_decor_points, st_stairs_2
D:3:      layout_rooms

Skill      XL: |  1  2  3  4  5 |
---------------+----------------+-----
Fighting       | 4 5 |  5.9
Axes           | 5 6 |  6.5
Armour         | |  2.1
Dodging        | |  0.7

Action                   |  1- 3 |  4- 6 || total
-------------------------+-------+-------++-------
Melee: Hand axe          |    82 |   165 ||   247
  Use: Scroll            |     4 |     2 ||     6
       Potion            |     2 |       ||     2
 Stab: Confused          |     2 |       ||     2
       Paralysed         |       |     1 ||     1
  Eat: Chunk             |       |     5 ||     5
Armor: Leather armour    |    43 |    32 ||    75
       Scale mail        |       |    29 ||    29
       Chain mail        |       |     1 ||     1
Dodge: Dodged            |    33 |    73 ||   106
Block: Large shield      |    26 |       ||    26
